 Dungeon Crawl Stone Soup version 0.23.1-37-gaa34b87 (webtiles) character file.

Game seed: 11124829181243052291

97 Fang the Skirmisher (level 4, -1/29 HPs)
             Began as a Gargoyle Berserker on Mar 25, 2019.
             Was a Believer of Trog.
             Slain by an adder (4 damage)
             ... on level 3 of the Dungeon.
             The game lasted 00:02:25 (1882 turns).

Fang the Skirmisher (Gargoyle Berserker)            Turns: 1882, Time: 00:02:26

Health: -1/29      AC:  5    Str: 22    XL:     4   Next: 68%
Magic:  4/4        EV: 12    Int:  7    God:    Trog [**....]
Gold:   153        SH:  0    Dex:  9    Spells: 3/3 levels left

rFire    . . .     SeeInvis .   a - +0 hand axe
rCold    . . .     Gourm    .   (no shield)
rNeg     + . .     Faith    .   b - +0 animal skin
rPois    ∞         Spirit   .   (no helmet)
rElec    +         Reflect  .   (no cloak)
rCorr    .         Harm     .   (no gloves)
MR       .....                  (no boots)
Stlth    +.........             (no amulet)
HPRegen  0.09/turn              (no ring)
MPRegen  0.09/turn              (no ring)

@: no status effects
A: negative energy resistance 1, electricity resistance, unbreathing,
petrification resistance, rot immunity, AC +3
a: Berserk, Trog's Hand, Renounce Religion


You were on level 3 of the Dungeon.
You worshipped Trog.
Trog was pleased with you.
You were not hungry.

You visited 1 branch of the dungeon, and saw 3 of its levels.

You collected 153 gold pieces.

Inventory:

Hand Weapons
 a - a +0 hand axe (weapon)
Armour
 b - a +0 animal skin (worn)
 n - a +0 plate armour
Scrolls
 e - a scroll of enchant weapon {unknown}
 g - a scroll of remove curse {unknown}
 h - a scroll of blinking {unknown}
 i - a scroll of random uselessness {unknown}
 m - a scroll of identify {unknown}
Potions
 f - 4 potions of curing {unknown}
 j - a potion of brilliance {unknown}
 k - a potion of degeneration {unknown}
 l - a potion of invisibility {unknown}
Comestibles
 c - 4 rations
 d - 8 chunks of flesh


   Skills:
 + Level 4.1 Fighting
 + Level 3.3 Axes
 + Level 3.1 Armour
 + Level 2.3 Dodging


You had 3 spell levels left.
You didn't know any spells.
Your spell library was empty.

Dungeon Overview and Level Annotations

Branches:
Dungeon (3/15)

Altars:


Innate Abilities, Weirdness & Mutations

You are resistant to torment.
Your stone body is resilient. (AC +3)
You are immune to poison.
You resist negative energy. (rN+)
You are resistant to electric shocks. (rElec)
You can survive without breathing.
You are immune to petrification.
You are immune to rotting.


Message History

You are too injured to fight recklessly!
You are too injured to fight recklessly!
You are too injured to fight recklessly!
You barely miss the adder.
The adder is moderately wounded.
You barely miss the hobgoblin. The adder barely misses you.
The hobgoblin hits you with a +0 club.
* * * LOW HITPOINT WARNING * * *
The adder misses you.
You closely miss the adder.
The adder is moderately wounded.
You barely miss the hobgoblin. The adder bites you but does no damage.
The hobgoblin closely misses you.
You miss the adder.
The adder is moderately wounded.
You hit the hobgoblin but do no damage. The adder bites you but does no damage.
The hobgoblin hits you with a +0 club.
* * * LOW HITPOINT WARNING * * *
The adder bites you.
You die...

#) .. #. #.?# #.
#...###### ## ### #.
#.......$#... #.###.
#.......##..# #.....
####..#........#
###.#.
#.....g........# #.#.
#...S@.#...########...
#..##.).# ...........
## ##.## ########...
#.## #.....##
#..#######.######
#..........######
#..####..........
#.......#########
#.#######


You could see an adder and a hobgoblin.

Vanquished Creatures
  A gnoll (D:1)
  2 adders (D:2)
  A worm (D:2)
  3 dart slugs
  A leopard gecko (D:2)
  4 orcs (D:3)
  2 giant cockroaches (D:1)
  6 goblins
  6 hobgoblins
  A ball python (D:1)
  9 bats
  6 frilled lizards (D:1)
  12 kobolds
  6 rats
60 creatures vanquished.

Notes
Turn   | Place    | Note
-------+----------+-------------------------------------------
     0 | D:1      | Fang the Gargoyle Berserker began the quest for the Orb.
     0 | D:1      | Reached XP level 1. HP: 14/14 MP: 1/1
   276 | D:1      | Reached XP level 2. HP: 13/19 MP: 2/2
   644 | D:1      | Reached ** piety under Trog
   644 | D:1      | Reached XP level 3. HP: 23/23 MP: 3/3
  1252 | D:2      | Reached XP level 4. HP: 22/29 MP: 4/4
  1437 | D:2      | Reached skill level 4 in Fighting
  1882 | D:3      | Slain by an adder

Skill      XL: |  1  2  3  4 |
---------------+-------------+-----
Axes           | 3 |  3.3
Dodging        | 2 |  2.3
Armour         | 3 |  3.1
Fighting       | 4 |  4.1

Action                   |  1- 3 |  4- 6 || total
-------------------------+-------+-------++-------
Melee: Hand axe          |   111 |    68 ||   179
  Eat: Chunk             |     1 |     2 ||     3
Armor: Animal skin       |    39 |    26 ||    65
Dodge: Dodged            |    94 |    65 ||   159
